AoeStats
← 非宁静无以致远

Arena

509556631Analyzed
4v4 RM · 3d ago on Sep 27, 2026· 52m 23s· 8 players
Game mode
Random Map
Map size
Large (8 player)
Population
200
Speed
Normal
Resources
Standard
Victory
Conquest
Starting age
Dark Age
Ending age
Imperial Age
RankedLock teamsTeams togetherTeam positionsShared explorationLock speedFull tech treeHidden civsTurbo modeCheats
Victory
Defeat
🇨🇳 Italians · China
1180
+11
🇨🇳 Franks · China
1066
+16
🇨🇳 Spanish · China
974
+19
🇭🇰 Byzantines · Hong Kong SAR China
936
+22
🇭🇰 Mongols · Hong Kong SAR China
1082
-18
🇺🇸 Danes · United States
1055
-17
🇬🇹 Danes · Guatemala
1054
-17
🇨🇳 Saxons · China
1033
-16
WellAdjustedCop
10:26 Feudal Age
15:02 Castle Age
13:28 Double-Bit Axe
16:12 Bow Saw
16:24 Horse Collar
19:26 Loom
21:15 Gold Mining
24:01 Wheelbarrow
24:23 Town Watch
27:10 Stone Mining
27:37 Scale Mail Armor
27:47 Forging
28:24 Hand Cart
29:50 Chain Mail Armor
30:11 Iron Casting
29:29 Hamask
31:22 Gold Shaft Mining
31:22 Town Patrol
36:41 Imperial Age
35:18 Fletching
35:26 Murder Holes
35:41 Masonry
35:55 Squires
35:41 Arson
35:42 Pikeman
37:09 Heavy Plow
38:42 Plate Mail Armor
39:13 Blast Furnace
38:35 Conscription
40:51 Chemistry
39:58 Bodkin Arrow
41:39 Hoardings
42:37 Halberdier
43:57 Siege Engineers
45:51 Heavy Scorpion
lipesius
11:25 Feudal Age
15:36 Castle Age
13:31 Loom
14:06 Double-Bit Axe
14:03 Horse Collar
16:27 Bow Saw
18:24 Fletching
20:16 Scale Mail Armor
39:17 Imperial Age
39:19 Wheelbarrow
38:29 Town Watch
40:16 Chain Mail Armor
40:12 Forging
39:27 Elite Jomsviking
39:59 Gambesons
40:19 Squires
39:55 Pikeman
41:32 Conscription
41:55 Plate Mail Armor
41:15 Halberdier
43:30 Iron Casting
49:26 Hamask
Enrique
9:49 Feudal Age
10:15 Double-Bit Axe
12:14 Loom
14:56 Castle Age
12:54 Horse Collar
16:13 Bow Saw
20:47 Heavy Plow
22:26 Wheelbarrow
22:45 Gold Mining
27:59 Imperial Age
25:28 Stone Mining
26:01 Scale Mail Armor
26:48 Hand Cart
26:55 Squires
26:40 Gambesons
26:46 Arson
27:43 Chain Mail Armor
27:39 Forging
30:16 Conscription
30:39 Plate Mail Armor
31:24 Iron Casting
30:37 Shield Wall
31:28 Elite Varangian Guard
32:11 Town Watch
34:09 Elite Hearth Troop
37:27 Fletching
38:48 Chemistry
38:17 Bodkin Arrow
38:47 Ballistics
38:39 Masonry
39:42 Bracer
45:26 Padded Archer Armor
46:07 Hoardings
46:24 Thumb Ring
45:41 Cranequins
45:42 Heavy Mounted Crossbowman
47:09 Leather Archer Armor
47:28 Architecture
49:23 Elite Skirmisher
非宁静无以致远
10:50 Feudal Age
11:46 Double-Bit Axe
15:13 Castle Age
16:40 Bow Saw
16:59 Horse Collar
21:34 Wheelbarrow
21:17 Heavy Plow
23:42 Hand Cart
24:24 Gold Mining
26:18 Stone Mining
28:21 Stone Shaft Mining
27:52 Fletching
31:19 Imperial Age
28:35 Loom
29:34 Bodkin Arrow
29:39 Padded Archer Armor
30:06 Thumb Ring
30:14 Bloodlines
30:04 Husbandry
30:51 Ballistics
31:40 Leather Archer Armor
32:24 Conscription
32:58 Gold Shaft Mining
31:52 Elite Mangudai
34:00 Chemistry
33:12 Masonry
33:38 Bracer
39:59 Siege Engineers
39:49 Murder Holes
40:25 Parthian Tactics
42:42 Drill
46:21 Fortified Wall
47:51 Onager
无语
10:25 Feudal Age
11:31 Double-Bit Axe
14:21 Castle Age
16:59 Wheelbarrow
16:40 Bow Saw
22:47 Gold Mining
22:58 Loom
25:41 Gold Shaft Mining
29:01 Imperial Age
26:18 Loom
26:18 Town Watch
27:10 Scale Barding Armor
27:15 Forging
27:12 Stone Mining
28:10 Husbandry
28:55 Chain Barding Armor
29:59 Iron Casting
29:15 Fletching
29:25 Padded Archer Armor
29:09 Treadmill Crane
29:49 Ballistics
30:30 Coinage
30:26 Hand Cart
30:12 Town Patrol
29:38 Cavalier
30:44 Conscription
32:09 Paladin
34:50 Plate Barding Armor
35:16 Blast Furnace
35:49 Bodkin Arrow
36:55 Blast Furnace
39:07 Banking
42:30 Chemistry
41:47 Elite Skirmisher
44:37 Scale Mail Armor
44:53 Leather Archer Armor
44:59 Caravan
44:41 Light Cavalry
47:49 Chain Mail Armor
老徐
10:11 Feudal Age
11:20 Double-Bit Axe
14:24 Castle Age
13:18 Horse Collar
15:31 Bow Saw
17:39 Loom
23:10 Ballistics
22:31 Treadmill Crane
24:34 Fletching
26:08 Bodkin Arrow
29:13 Wheelbarrow
32:17 Hand Cart
37:58 Heavy Plow
40:34 Gold Mining
41:12 Thumb Ring
41:05 Stone Mining
42:25 Padded Archer Armor
45:11 Imperial Age
45:55 Stone Shaft Mining
45:25 Elite Skirmisher
46:10 Bracer
46:25 Leather Archer Armor
48:19 Chemistry
49:11 Masonry
49:38 Conscription
49:54 Crop Rotation
50:32 Two-Man Saw
50:50 Ring Archer Armor
碰我村民就投
10:16 Feudal Age
13:59 Castle Age
14:44 Loom
16:41 Double-Bit Axe
16:45 Horse Collar
19:16 Bow Saw
24:54 Heavy Plow
26:22 Wheelbarrow
27:49 Hand Cart
31:16 Imperial Age
32:13 Forging
32:08 Scale Barding Armor
32:53 Husbandry
34:35 Chain Barding Armor
34:50 Iron Casting
35:28 Conscription
35:23 Fortified Wall
34:51 Elite Cataphract
37:25 Crop Rotation
38:03 Two-Man Saw
38:25 Logistica
38:51 Hoardings
40:21 Plate Barding Armor
40:59 Gold Mining
40:59 Stone Mining
41:30 Murder Holes
41:40 Padded Archer Armor
47:31 Light Cavalry
48:06 Hussar
48:56 Fletching
49:21 Leather Archer Armor
Eleangt
11:43 Feudal Age
12:50 Double-Bit Axe
15:27 Castle Age
13:18 Horse Collar
16:14 Heavy Plow
16:25 Bow Saw
20:25 Loom
21:46 Wheelbarrow
24:00 Town Watch
24:23 Gold Mining
25:28 Hand Cart
29:36 Imperial Age
27:25 Padded Archer Armor
29:00 Leather Archer Armor
28:54 Stone Mining
29:20 Husbandry
29:30 Bloodlines
30:33 Stone Shaft Mining
29:40 Elite Conquistador
30:40 Conscription
30:52 Ring Archer Armor
30:12 Fletching
30:28 Scale Barding Armor
30:33 Forging
30:38 Guilds
31:41 Two-Man Saw
31:51 Coinage
32:56 Chemistry
32:07 Fortified Wall
32:17 Ballistics
32:08 Masonry
32:01 Scale Mail Armor
33:18 Hoardings
32:48 Light Cavalry
33:27 Bodkin Arrow
33:52 Chain Barding Armor
33:59 Hussar
35:15 Plate Barding Armor
35:16 Iron Casting
34:41 Bracer
37:09 Banking
38:53 Blast Furnace
38:09 Chain Mail Armor
39:50 Supremacy
40:24 Town Patrol
41:33 Cavalier
42:55 Plate Mail Armor
42:59 Architecture
42:24 Murder Holes
43:00 Paladin
Connection lost

Rejoining the realm…

Still unreachable

The connection could not be restored.

Session expired

The server has moved on; the page needs a fresh start.